 Dungeon Crawl Stone Soup version 0.18.1-48-g4cf74bf (webtiles) character file.

1007 Iskender the Covert (level 8, -2/50 HPs)
             Began as an Octopode Wanderer on Aug 24, 2016.
             Was an Initiate of Gozag.
             Slain by a gnoll
             ... wielding a +0 club
              (9 damage)
             ... on level 5 of the Dungeon.
             The game lasted 00:36:40 (5996 turns).

Iskender the Covert (Octopode Wanderer)             Turns: 5996, Time: 00:36:41

Health: -2/50      AC:  1    Str: 12    XL:     8   Next: 20%
Magic:  18/18      EV: 15    Int: 15    God:    Gozag
Gold:   702        SH:  0    Dex: 14    Spells: 2 memorised, 5 levels left

rFire  . . .     SeeInvis +     a - +2 hand axe
rCold  . . .     Gourm    .     (no shield)
rNeg   . . .     Faith    .     (helmet restricted)
rPois  +         Spirit   .     (no amulet)
rElec  .         Dismiss  .     l - ring of poison resistance
rCorr  .         Reflect  .     I - ring of magical power
SustAt .         Harm     .     K - +2 ring of intelligence
MR     .....                    f - ring of see invisible
Stlth  ++++++....               (no ring)
                                (no ring)
                                (no ring)
                                (no ring)

@: repel missiles, not resistant to hostile enchantments, very stealthy
A: almost no armour, amphibious, 8 rings, constrict 8, camouflage 1, gelatinous
body 1
a: Potion Petition, Call Merchant, Bribe Branch, Renounce Religion


You were on level 5 of the Dungeon.
You worshipped Gozag.
Gozag was noncommittal.
You were full.

You visited 1 branch of the dungeon, and saw 5 of its levels.
You also visited: Ossuary.

You collected 774 gold pieces.
You paid 72 gold pieces to Gozag.

Inventory:

Hand Weapons
 a - a +2 hand axe (weapon)
 b - a +1 shortbow of velocity
 n - a +0 spear
 w - a +1 war axe of draining
 C - a +0 flail
 D - a +0 trident
 G - a +0 spear
 H - a +0 dagger of pain
 L - a +0 war axe
Missiles
 e - 336 stones (quivered)
 h - 7 poisoned needles
 m - 29 arrows
 o - 45 sling bullets
 x - 9 tomahawks
 P - 4 poisoned tomahawks
Jewellery
 f - a ring of see invisible (on tentacle)
 l - a ring of poison resistance (left tentacle)
 I - a ring of magical power (right tentacle)
 K - a +2 ring of intelligence (on tentacle)
Wands
 s - a wand of enslavement (9/24)
Scrolls
 i - 2 scrolls of amnesia
 k - a scroll of immolation
 p - a scroll of fog {unknown}
 v - 3 scrolls of remove curse
 y - a scroll of enchant weapon
 B - 3 scrolls of teleportation
 F - 2 scrolls of silence {unknown}
 J - a scroll of blinking
Potions
 g - 2 potions of heal wounds
 j - 3 potions of degeneration {unknown}
 q - a potion of berserk rage {unknown}
 r - 3 potions of flight
 t - 2 potions of cure mutation {unknown}
 u - a potion of lignification {unknown}
 z - 2 potions of brilliance {unknown}
 E - a potion of magic
 M - 2 potions of agility {unknown}
 N - a potion of invisibility {unknown}
 O - 3 potions of curing
Books
 c - the Handbook of Weightlessness

   Spells                             Type                      Level
   a - Repel Missiles                 Charms/Air                   2
   b - Swiftness                      Charms/Air                   2
Comestibles
 d - 7 bread rations
 A - 3 meat rations


   Skills:
 - Level 2.0 Fighting
 - Level 3.0 Axes
 - Level 5.3 Dodging
 + Level 10.5 Stealth
 - Level 1.0 Spellcasting
   Level 2.0 Conjurations
 - Level 1.1 Evocations


You had 5 spell levels left.
You knew the following spells:

 Your Spells              Type           Power        Failure   Level  Hunger
r - Repel Missiles        Chrm/Air       #.....       38%         2    ###....
s - Swiftness             Chrm/Air       #.......     38%         2    ###....


Dungeon Overview and Level Annotations

Branches:
Dungeon (5/15)             Temple (0/1) D:5

Altars:
Cheibriados
Gozag
Okawaru
Zin
The Shining One

Annotations:
D:2 Terence
D:3 Grinder
D:5 Iskender's ghost, novice OpWn


Innate Abilities, Weirdness & Mutations

You cannot wear most types of armour.
You are amphibious.
You can wear up to eight rings at the same time.
You can use your tentacles to constrict eight enemies at once.
Your skin changes colour to match your surroundings (Stealth).
Your rubbery body absorbs attacks (AC +1).


Message History

The gnoll sergeant hits you with a trident!
The gnoll hits you with a club. The gnoll sergeant blocks your attack.
You grab the gnoll sergeant.
The gnoll sergeant is severely wounded.
You hit the gnoll but do no damage.
The gnoll is lightly wounded.
You constrict the gnoll sergeant, but do no damage.
The gnoll sergeant closely misses you. The gnoll hits you with a club.
* * * LOW HITPOINT WARNING * * *
You hit the gnoll sergeant but do no damage.
The gnoll sergeant blocks your attack.
The gnoll sergeant is severely wounded.
You hit the gnoll.
The gnoll is lightly wounded.
You constrict the gnoll sergeant, but do no damage.
The gnoll sergeant hits you with a trident.
* * * LOW HITPOINT WARNING * * *
The gnoll hits you with a club!
You die...
Your body crumbles into a pile of gold.

#############################
............................#
##########.#####......#.###.#####
##...#####.### #.#.##............
.............# #.#.#.............
##....####.#.###.....###.##.####.
#.##.# #...........# #.#.......
#.##.# ###....@g...###.#..#####
#.##.# #..###g.......#..# #.##.#
#..gg.......###..#
#.##.######...##...##.###..#
#.........#...###..........#
####.####....(# #####.###.## #.#
#.#..(# #.# #.## #.# #.##.(# #.#
#..# #.# #.##..# #.####.#


You could see a gnoll sergeant and a gnoll.

Vanquished Creatures
  A sky beast (D:5)
  An ogre (D:4)
  A centaur (D:5)
  2 giant frogs (D:4)
  A crimson imp (D:5)
  Jessica (D:3)
  An iguana (D:4)
  3 worker ants
  Natasha (thrice) (D:3)
  An orc wizard (D:3)
  A big kobold zombie (Ossuary)
  8 mummies (Ossuary)
  Robin (D:3)
  3 adders
  7 gnolls (D:5)
  4 worms
  6 dart slugs
  5 giant geckos
  7 orcs
  12 bats
  5 giant cockroaches
  14 goblins
  9 hobgoblins
  11 kobolds
  4 quokkas
  3 ball pythons
  5 giant newts
  A gnoll zombie (Ossuary)
  A hobgoblin zombie (Ossuary)
  2 kobold zombies (Ossuary)
  3 orc zombies (Ossuary)
  7 rats
134 creatures vanquished.

Notes
Turn   | Place    | Note
--------------------------------------------------------------
     0 | D:1      | Iskender the Octopode Wanderer began the quest for the Orb.
     0 | D:1      | Iskender set off with: a +2 hand axe, a potion of curing, the Handbook of Weightlessness, a bread ration
     0 | D:1      | Reached XP level 1. HP: 14/14 MP: 2/2
     0 | D:1      | Identified the Handbook of Weightlessness
    16 | D:1      | Reached skill level 2 in Stealth
    36 | D:1      | Reached XP level 2. HP: 10/19 MP: 3/3
    63 | D:1      | Reached skill level 3 in Stealth
    97 | D:1      | Found a snail-covered altar of Cheibriados.
   303 | D:1      | Reached skill level 4 in Stealth
   333 | D:1      | Reached XP level 3. HP: 14/24 MP: 4/4
   833 | D:2      | Reached skill level 5 in Stealth
   961 | D:2      | Noticed Terence
  1129 | D:2      | Reached XP level 4. HP: 28/29 MP: 5/5
  1464 | D:3      | Noticed Natasha
  1470 | D:3      | Killed Natasha
  1470 | D:3      | Reached skill level 6 in Stealth
  1850 | D:3      | Noticed Robin
  1864 | D:3      | Killed Robin
  2065 | D:3      | Reached XP level 5. HP: 28/34 MP: 6/6
  2194 | D:3      | Noticed Jessica
  2241 | D:3      | Noticed Grinder
  2289 | D:3      | Noticed Natasha
  2319 | D:3      | Killed Natasha
  2319 | D:3      | Reached skill level 1 in Dodging
  2938 | D:3      | Killed Jessica
  2938 | D:3      | Reached XP level 6. HP: 36/39 MP: 7/7
  2986 | D:3      | Noticed Natasha
  2999 | D:3      | Killed Natasha
  2999 | D:3      | Reached skill level 7 in Stealth
  3238 | D:4      | Found a glowing golden altar of the Shining One.
  3239 | D:4      | Found an iron altar of Okawaru.
  3410 | D:3      | Learned a level 2 spell: Repel Missiles
  3413 | D:3      | Learned a level 2 spell: Swiftness
  3444 | D:4      | Found an opulent altar of Gozag.
  3445 | D:4      | Found a glowing silver altar of Zin.
  3450 | D:4      | Reached skill level 8 in Stealth
  3457 | D:4      | Became a worshipper of Gozag Ym Sagoz the Greedy
  3576 | D:4      | Reached skill level 9 in Stealth
  3576 | D:4      | Reached XP level 7. HP: 43/45 MP: 8/8
  3940 | D:5      | Entered Level 5 of the Dungeon
  3982 | D:5      | Found a sand-covered staircase.
  4010 | Ossuary  | Entered an ossuary
  4868 | D:5      | Found a staircase to the Ecumenical Temple.
  4874 | D:5      | Noticed Iskender's ghost (novice OpWn)
  4929 | D:5      | Reached skill level 5 in Dodging
  5341 | D:5      | Reached XP level 8. HP: 14/50 MP: 9/9
  5342 | D:5      | Reached skill level 10 in Stealth
  5996 | D:5      | Slain by a gnoll

Skill      XL: |  1  2  3  4  5  6  7  8 |
---------------+-------------------------+-----
Stealth        | 2 4 5 6 9 10 | 10.5
Dodging        | 3 5 |  5.3
Fighting       | |  2.0
Axes           | |  3.0
Spellcasting   | |  1.0
Conjurations   | |  2.0
Evocations     | |  1.1

Action                   |  1- 3 |  4- 6 |  7- 9 || total
-------------------------+-------+-------+-------++-------
Melee: Hand axe          |    78 |   111 |   117 ||   306
       Constrict         |    24 |    34 |    26 ||    84
       Tentacles         |    11 |    23 |    19 ||    53
 Fire: Shortbow          |       |       |    15 ||    15
Throw: Stone             |     1 |    47 |   140 ||   188
 Cast: Repel Missiles    |       |     1 |       ||     1
Invok: Potion Petition   |       |       |     1 ||     1
  Use: Scroll            |     1 |     8 |     4 ||    13
       Potion            |       |     2 |     1 ||     3
 Stab: Sleeping          |     4 |    10 |     9 ||    23
       Distracted        |       |     2 |       ||     2
  Eat: Chunk             |     1 |     8 |       ||     9
       Royal jelly       |       |     1 |       ||     1
       Beef jerky        |       |     1 |       ||     1
       Bread ration      |       |       |     2 ||     2
Armor: Skin              |     8 |    10 |     2 ||    20
Dodge: Dodged            |    46 |    55 |    66 ||   167
